 Dungeon Crawl Stone Soup version 0.29.1-1-gd02db6906a (webtiles) character file.

Game seed: 8210246336893226190

1274 LabCoat the Chopper (level 8, -2/105 HPs)
             Began as a Hill Orc Fighter on Sept 25, 2022.
             Slain by Duvessa
             ... wielding a +0 short sword
              (9 damage)
             ... on level 5 of the Dungeon.
             The game lasted 00:13:46 (4773 turns).

LabCoat the Chopper (Hill Orc Fighter)              Turns: 4773, Time: 00:13:47

Health: -2/105     AC: 13    Str: 21    XL:     8   Next: 53%
Magic:  8/8        EV:  9    Int: 14    God:
Gold:   246        SH:  5    Dex: 16    Spells: 7/7 levels left

rFire   . . .      SeeInvis .   a - +0 war axe
rCold   . . .      Faith    .   c - +0 buckler
rNeg    . . .      Spirit   .   b - +0 scale mail
rPois   +          Reflect  .   f - +0 helmet
rElec   .          Harm     .   l - +1 cloak
rCorr   .          Rampage  .   j - +0 pair of gloves "Jeimuntu" {rPois}
Will    .....                   p - +0 pair of boots
Stlth   ..........              r - amulet of the acrobat
HPRegen 0.27/turn               s - +6 ring of dexterity
MPRegen 0.11/turn               e - +6 ring of intelligence

@: berserking (expiring), lit by a corona, glowing, very quick
A: no striking features
a: no special abilities


You were on level 5 of the Dungeon.
You visited 1 branch of the dungeon, and saw 5 of its levels.

You collected 246 gold pieces.

Inventory:

Hand Weapons
 a - a +0 war axe (weapon)
 w - a +0 battleaxe
Missiles
 m - a throwing net
 o - 5 boomerangs (quivered)
Armour
 b - a +0 scale mail (worn)
 c - a +0 buckler (worn)
 f - a +0 helmet (worn)
 j - the +0 pair of gloves "Jeimuntu" (worn) {rPois}
   (You found it on level 2 of the Dungeon)

   rPois:     It protects you from poison.
 l - a +1 cloak (worn)
 p - a +0 pair of boots (worn)
Jewellery
 e - a +6 ring of intelligence (right hand)
 r - an amulet of the acrobat (around neck)
 s - a +6 ring of dexterity (left hand)
Wands
 y - a wand of polymorph (6)
 z - a wand of flame (27)
Scrolls
 g - a scroll of teleportation
 i - a scroll of butterflies
 k - a scroll of blinking
 n - 2 scrolls of poison
 x - a scroll of enchant weapon {unknown}
Potions
 d - a potion of might
 h - 5 potions of lignification
 t - 2 potions of haste
 v - a potion of brilliance
 A - a potion of curing {unknown}


   Skills:
 + Level 5.7 Fighting
 * Level 7.5 Axes
 + Level 3.2 Throwing
 + Level 5.3 Armour
 + Level 5.2 Shields
 + Level 3.5 Evocations


You had 7 spell levels left.
You didn't know any spells.
Your spell library contained the following spells:

 Spells                   Type           Power      Damage    Failure   Level
 Hailstorm                Conj/Ice       0%         3d3       100%        4
 Ice Form                 Ice/Tmut       0%         N/A       100%        4
 Blade Hands              Tmut           0%         N/A       100%        5
 Irradiate                Conj/Tmut      0%         3d11      100%        5
 Simulacrum               Ice/Necr       0%         N/A       100%        6
 Dragon Form              Tmut           0%         N/A       100%        7


Dungeon Overview and Level Annotations

Branches:
Dungeon (5/15)
 Temple: D:4-7

Altars:
Cheibriados
Dithmenos
Nemelex Xobeh
Qazlal
Ru
Sif Muna
Vehumet
Wu Jian
Xom
Yredelemnul
Zin
The Shining One
Lugonu

Portals:
Abyss: D:5

Annotations:
D:3 1 runed translucent door, NullDivider's ghost, amateur OpVM
D:5 Duvessa


Message History

Duvessa hits you with a +0 short sword.
You closely miss Duvessa.
Duvessa is heavily wounded.
Duvessa barely misses you. Duvessa hits you with a +0 short sword!
You feel much better. Duvessa hits you with a +0 short sword.
You hit Duvessa.
Duvessa is heavily wounded.
Duvessa barely misses you. Duvessa closely misses you.
You hit Duvessa but do no damage.
Duvessa is heavily wounded.
Duvessa hits you but does no damage. Duvessa hits you with a +0 short sword!
You hit Duvessa.
Duvessa is heavily wounded.
Duvessa hits you with a +0 short sword! Duvessa completely misses you.
You barely miss Duvessa.
Duvessa is heavily wounded.
Duvessa hits you but does no damage.
You hit Duvessa but do no damage.
Duvessa is heavily wounded.
You block Duvessa's attack. x2
You closely miss Duvessa.
Duvessa is heavily wounded.
Duvessa hits you but does no damage. Duvessa hits you with a +0 short sword!
* * * LOW HITPOINT WARNING * * *
A red film seems to cover your vision as you go berserk!
You feel yourself moving faster!
You feel mighty! Duvessa hits you with a +0 short sword.
* * * LOW HITPOINT WARNING * * *
You slash Duvessa!
Duvessa is severely wounded.
Duvessa hits you but does no damage. Duvessa hits you with a +0 short sword!
* * * LOW HITPOINT WARNING * * *
You hit Duvessa.
Duvessa is almost dead.
Duvessa hits you with a +0 short sword!
* * * LOW HITPOINT WARNING * * *
You hit Duvessa.
Duvessa is almost dead.
Duvessa hits you with a +0 short sword!
You die...

#.# ###.#######.# #...# #.#
#...........# #.#.# #.#
###.########..# #...# #.#
#...# #⌠8⌠#..# ##.## #.##
###.#.# +...#..# #.#
...###.....# #...#..# #<#
....##.##..# +...#..# #.#
....)#...#.# #.e.#..# #.#
....†....#.#####@##..# #.#
.....##........).....# #.#
....###.####.#######.# #.#
...## #.# #.# ####.# #.#
#### #.# #.# #....# #.# #.#
#.# #.##########.#### #.#
#.# #.# #............
#.####.####.###.###.#######
#...............# #.#


You could see Duvessa (berserk).

Vanquished Creatures
  Eustachio (D:5)
  An ice beast (D:5)
  A black bear (D:4)
  An ogre (D:5)
  A centaur (D:5)
  4 scorpions
  5 wights (D:5)
  Dowan (D:5)
  2 hounds
  Ijyb (D:5)
  2 iguanas (D:5)
  5 adders
  An ufetubus (D:5)
  8 orcs
  5 bats
  10 endoplasms
  A giant cockroach (D:2)
  6 goblins
  6 hobgoblins
  5 jackals
  2 kobolds
  3 quokkas
  6 ball pythons
  2 frilled lizards
  8 rats
88 creatures vanquished.

Vanquished Creatures (collateral kills)
  A ball python (D:1)
1 creature vanquished.

Vanquished Creatures (others)
  An orc wizard (D:5)
  A lurking horror (D:5)
2 creatures vanquished.

Grand Total: 91 creatures vanquished

Notes
Turn   | Place    | Note
-------+----------+-------------------------------------------
     0 | D:1      | LabCoat the Hill Orc Fighter began the quest for the Orb.
     0 | D:1      | Reached XP level 1. HP: 19/19 MP: 1/1
   226 | D:1      | Reached skill level 3 in Axes
   257 | D:1      | Reached XP level 2. HP: 27/27 MP: 2/2
   296 | D:1      | Found a faded altar of an unknown god.
   604 | D:1      | You fall into a shaft and drop 1 floor!
  1107 | D:2      | Identified the +0 pair of gloves "Jeimuntu" {rPois}
  1154 | D:2      | Reached XP level 3. HP: 33/33 MP: 3/3
  1583 | D:2      | Reached skill level 1 in Throwing
  1583 | D:2      | Reached skill level 1 in Evocations
  1583 | D:2      | Reached XP level 4. HP: 39/40 MP: 4/4
  1706 | D:2      | Reached skill level 4 in Axes
  1900 | D:3      | Found a sparkling altar of Nemelex Xobeh.
  1901 | D:3      | Found a glowing silver altar of Zin.
  1902 | D:3      | Found a shadowy altar of Dithmenos.
  1903 | D:3      | Found a radiant altar of Vehumet.
  1904 | D:3      | Found a stormy altar of Qazlal.
  1904 | D:3      | Found a glowing golden altar of the Shining One.
  1905 | D:3      | Found a snail-covered altar of Cheibriados.
  1905 | D:3      | Found a basalt altar of Yredelemnul.
  1906 | D:3      | Found an ornate altar of the Wu Jian Council.
  1907 | D:3      | Found a shimmering blue altar of Sif Muna.
  1907 | D:3      | Found a sacrificial altar of Ru.
  1948 | D:3      | Noticed NullDivider's ghost (amateur OpVM)
  1951 | D:3      | Found a runed translucent door.
  2690 | D:4      | Noticed a black bear
  2691 | D:4      | Noticed a scorpion
  2738 | D:3      | Killed a scorpion
  2739 | D:3      | Reached XP level 5. HP: 33/46 MP: 5/5
  2900 | D:4      | Killed a black bear
  2901 | D:4      | Reached XP level 6. HP: 49/53 MP: 6/6
  3011 | D:4      | Reached skill level 5 in Axes
  3161 | D:4      | Found a shimmering altar of Xom.
  3510 | D:5      | Entered Level 5 of the Dungeon
  3600 | D:5      | Reached XP level 7. HP: 60/60 MP: 7/7
  3655 | D:5      | Found a corrupted altar of Lugonu.
  3658 | D:5      | Found a one-way gate to the infinite horrors of the Abyss.
  3871 | D:5      | Reached skill level 6 in Axes
  3884 | D:5      | Reached skill level 5 in Fighting
  4044 | D:5      | Noticed Ijyb
  4215 | D:5      | Killed Ijyb
  4220 | D:5      | Reached XP level 8. HP: 51/68 MP: 8/8
  4238 | D:5      | Reached skill level 5 in Armour
  4453 | D:5      | Reached skill level 7 in Axes
  4453 | D:5      | Reached skill level 5 in Shields
  4564 | D:5      | Noticed Eustachio
  4573 | D:5      | Killed Eustachio
  4744 | D:5      | Noticed Duvessa
  4744 | D:5      | Noticed Dowan
  4758 | D:5      | Killed Dowan
  4773 | D:5      | Slain by Duvessa

Illustrated notes

Levels and vault maps discovered:
D:1:      dpeg_arrival_another_circle, layout_basic,
          shapermc_ecumenical_altar_mp_vishouse
D:2:      layout_loops_corners
D:3:      layout_basic, nicolae_overflows_in_rows,
          hellmonk_ghost_happy_afterlife
D:4:      layout_loops_ring, lemuel_round_altar
D:5:      dreamdust_elfheim, layout_loops_ring,
          amcnicky_altar_lugonu_corruption, uniq_eustachio, uniq_ijyb

Skill      XL: |  1  2  3  4  5  6  7  8 |
---------------+-------------------------+-----
Axes           | 3 4 5 6 7 |  7.5
Throwing       | 1 2 3 |  3.2
Evocations     | 1 2 3 |  3.5
Fighting       | 4 5 |  5.7
Armour         | 4 5 |  5.3
Shields        | 4 5 |  5.2

Action                   |  1- 3 |  4- 6 |  7- 9 || total
-------------------------+-------+-------+-------++-------
Melee: War axe           |    82 |   101 |   110 ||   293
       Unarmed           |       |       |    22 ||    22
Throw: Boomerang         |       |     2 |     3 ||     5
       Throwing net      |       |     1 |       ||     1
  Use: Scroll            |     5 |     8 |     2 ||    15
       Potion            |       |       |     2 ||     2
 Stab: Confused          |       |       |     1 ||     1
Armor: Scale mail        |    34 |    81 |    51 ||   166
       Skin              |       |       |     5 ||     5
Dodge: Dodged            |    37 |    66 |    63 ||   166
Block: Buckler           |    17 |    18 |    37 ||    72
